 Dungeon Crawl Stone Soup version 0.26.0-7-g794d0892b4 (webtiles) character file.

Game seed: 17315622233627332037

85 teolandon225 the Chopper (level 4, -9/60 HPs)
             Began as a Minotaur Berserker on Jan 11, 2021.
             Was a Believer of Trog.
             Mangled by a two-headed ogre
             ... wielding a +0 giant club
              (16 damage)
             ... on level 3 of the Dungeon.
             The game lasted 00:03:31 (2073 turns).

teolandon225 the Chopper (Minotaur Berserker)       Turns: 2073, Time: 00:03:32

Health: -9/60      AC:  6    Str: 22    XL:     4   Next: 25%
Magic:  3/3        EV: 11    Int:  4    God:    Trog [**....]
Gold:   77         SH:  0    Dex: 10    Spells: 3/3 levels left

rFire    . . .     SeeInvis .   a - +1 hand axe
rCold    . . .     Faith    .   (no shield)
rNeg     . . .     Spirit   .   h - +0 scale mail
rPois    .         Reflect  .   (helmet restricted)
rElec    .         Harm     .   f - scarf {repulsion}
rCorr    .         Rampage  .   (no gloves)
Will     .....                  (no boots)
Stlth    ..........             (no amulet)
HPRegen  0.20/turn              (no ring)
MPRegen  0.08/turn              (no ring)

@: berserking, repel missiles, very quick
A: retaliatory headbutt, horns 2
a: Renounce Religion, Berserk, Trog's Hand


You were on level 3 of the Dungeon.
You worshipped Trog.
Trog was pleased with you.
You visited 1 branch of the dungeon, and saw 3 of its levels.

You collected 77 gold pieces.

Inventory:

Hand Weapons
 a - a +1 hand axe (weapon)
Armour
 b - a +0 animal skin
 f - a scarf of repulsion (worn)
 h - a +0 scale mail (worn)
Scrolls
 j - a scroll of enchant armour {unknown}
 l - 2 scrolls of identify
 m - a scroll of enchant weapon
Potions
 c - a potion of magic
 d - a potion of flight {unknown}
 e - a potion of might {unknown}
 g - 2 potions of lignification
 i - a potion of heal wounds {unknown}
 k - 4 potions of curing


   Skills:
 + Level 4.2 Fighting
 * Level 4.8 Axes
 + Level 3.2 Armour
 + Level 3.0 Dodging


You had 3 spell levels left.
You didn't know any spells.
Your spell library was empty.

Dungeon Overview and Level Annotations

Branches:
Dungeon (3/15)

Altars:
Hepliaklqana


Innate Abilities, Weirdness & Mutations

You reflexively headbutt those who attack you in melee.
You have a pair of horns on your head.


Message History

You feel yourself moving faster!
You feel mighty!
The two-headed ogre hits you with a +0 giant club.
The two-headed ogre hits you with a +0 giant club!
You hit the two-headed ogre but do no damage.
You slash the two-headed ogre! You headbutt the two-headed ogre.
The two-headed ogre is moderately wounded.
The two-headed ogre hits you with a +0 giant club!
The two-headed ogre completely misses you.
You hit the two-headed ogre. You headbutt the two-headed ogre!
The two-headed ogre is heavily wounded.
You closely miss the two-headed ogre.
The two-headed ogre is heavily wounded.
The two-headed ogre hits you with a +0 giant club!
* * * LOW HITPOINT WARNING * * *
The two-headed ogre hits you with a +0 giant club!
* * * LOW HITPOINT WARNING * * *
You hit the two-headed ogre. You headbutt the two-headed ogre!
The two-headed ogre is almost dead.
The two-headed ogre hits you with a +0 giant club!
You die...

##.# #.# #.#
#.####
#....# #
####.#
#.###### #.#
#......##.##
#.#
#O......#
#.#
#@#.##..#
#.# #.#.#
#.######.#.#
#........#.#
##########.#
.# ..


You could see a two-headed ogre.

Vanquished Creatures
  A gnoll (D:2)
  2 adders (D:2)
  2 worms (D:2)
  A dart slug (D:1)
  3 leopard geckos
  4 goblins
  10 hobgoblins
  2 jackals (D:1)
  5 kobolds
  6 bats
  2 frilled lizards
  7 rats
45 creatures vanquished.

Notes
Turn   | Place    | Note
-------+----------+-------------------------------------------
     0 | D:1      | teolandon225 the Minotaur Berserker began the quest for the
                  | Orb.
     0 | D:1      | Reached XP level 1. HP: 19/19 MP: 0/0
   158 | D:1      | Reached XP level 2. HP: 25/27 MP: 1/1
   878 | D:1      | Reached ** piety under Trog
   992 | D:1      | Reached XP level 3. HP: 31/33 MP: 2/2
  1510 | D:2      | Reached XP level 4. HP: 34/40 MP: 3/3
  2034 | D:3      | Found a hazy altar of Hepliaklqana.
  2065 | D:3      | Noticed a two-headed ogre
  2073 | D:3      | Mangled by a two-headed ogre

Illustrated notes

Levels and vault maps discovered:
D:1:      elethiomel_arrival_shortcut, layout_loops_corners
D:2:      minmay_angry_zag, layout_rooms, serial_glass, glass_columns_a,
          glass_columns_a, due_unseen_surprise, item_on_display_a,
          feat_on_display
D:3:      layout_loops_ring, lemuel_crystal_altar, kennysheep_okawaru_gauntlet

Skill      XL: |  1  2  3  4 |
---------------+-------------+-----
Axes           | 4 |  4.8
Fighting       | 4 |  4.2
Armour         | 3 |  3.2
Dodging        | 3 |  3.0

Action                   |  1- 3 |  4- 6 || total
-------------------------+-------+-------++-------
Melee: Hand axe          |    86 |    16 ||   102
       Headbutt          |     9 |     7 ||    16
Invok: Berserk           |     1 |     1 ||     2
       Trog's Hand       |     1 |       ||     1
  Use: Scroll            |     5 |       ||     5
Armor: Animal skin       |    15 |       ||    15
       Scale mail        |       |     4 ||     4
Dodge: Dodged            |    55 |     7 ||    62
